[Event "Kupreichik Memorial Rapid 2019"]
[Site "Minsk"]
[Date "2019.08.15"]
[Round "3.18"]
[White "Dvurechensky, Viacheslav"]
[Black "Agapov, Sergey"]
[Result "0-1"]
[ECO "D03"]
[WhiteElo "1840"]
[BlackElo "2265"]
[Annotator "NA"]
[PlyCount "114"]
[EventDate "2019.08.15"]
[EventType "swiss"]
[EventCountry "BLR"]
[SourceTitle "playchess.com"]
[Source "ChessBase"]
[SourceQuality "1"]
[TimeControl "900+10"]

1. d4 Nf6 2. Nf3 d5 3. Bg5 Bf5 4. e3 c6 5. c3 Ne4 6. Bf4 e6 7. Nbd2 Nxd2 8. Qxd2 Nd7 9. Bd3 Bxd3 10. Qxd3 Be7 11. O-O O-O 12. Ne5 Nf6 13. h3 c5 14. dxc5 Bxc5 15. Qb5 Qe7 16. Nd3 Rfc8 17. Be5 Ne4 18. Nxc5 Rxc5 19. Qe2 f6 20. Bh2 b5 21. Rad1 Rac8 22. f3 Ng5 23. Rd2 Qb7 24. Rfd1 b4 25. cxb4 Qxb4 26. Bf4 Nf7 27. Qa6 Qb6 28. Qxb6 axb6 29. e4 e5 30. Bg3 d4 31. f4 Kf8 32. fxe5 fxe5 33. Rf2 Ke8 34. Rd3 Ra8 35. Rdf3 Ra7 36. Rb3 b5 37. a3 Rd7 38. Rd3 Ke7 39. Rf5 Ke6 40. h4 Nd6 41. Rf8 Nxe4 42. Re8+ Re7 43. Ra8 Nf6 44. Ra6+ Kd5 45. b4 Rc6 46. Ra5 Ng4 47. Rd1 Rb7 48. Ra8 Rc2 49. Rd8+ Ke6 50. Re8+ Kf7 51. Rd8 Ne3 52. Rf1+ Nxf1 53. Kxf1 Re7 54. Rd5 Kf6 55. Rxb5 Kf5 56. Bf2 Ke4 57. a4 Rf7 0-1

[Event "Kupreichik Memorial Rapid 2019"]
[Site "Minsk"]
[Date "2019.08.15"]
[Round "3.20"]
[White "Shakhadanau, Henadzi"]
[Black "Kochetkov, German"]
[Result "0-1"]
[ECO "B30"]
[WhiteElo "1868"]
[BlackElo "2277"]
[Annotator "NA"]
[PlyCount "60"]
[EventDate "2019.08.15"]
[EventType "swiss"]
[EventCountry "BLR"]
[SourceTitle "playchess.com"]
[Source "ChessBase"]
[SourceQuality "1"]
[TimeControl "900+10"]

1. e4 c5 2. Nf3 Nc6 3. Bb5 d6 4. d4 cxd4 5. Qxd4 Qa5+ 6. Nc3 Qxb5 7. Nxb5 Nxd4 8. Nfxd4 Kd8 9. Bg5 Bd7 10. O-O-O f6 11. Be3 e5 12. Nxd6 Bxd6 13. Nf5 Bf8 14. Rd2 Ke8 15. Rhd1 Bc6 16. f3 g6 17. Nd6+ Bxd6 18. Rxd6 Kf7 19. c4 Ne7 20. b4 Rhc8 21. Kb2 Ba4 22. Rc1 Rd8 23. Rxd8 Rxd8 24. b5 a6 25. Ka3 axb5 26. Bb6 Ra8 27. Kb4 bxc4 28. Rxc4 Bc6 29. Rc2 f5 30. exf5 Nd5+ 0-1

[Event "Kupreichik Memorial Rapid 2019"]
[Site "Minsk"]
[Date "2019.08.15"]
[Round "3.21"]
[White "Tsaruk, Maksim"]
[Black "Tkachou, Viktar"]
[Result "1-0"]
[ECO "B01"]
[WhiteElo "2230"]
[BlackElo "1791"]
[Annotator "NA"]
[PlyCount "97"]
[EventDate "2019.08.15"]
[EventType "swiss"]
[EventCountry "BLR"]
[SourceTitle "playchess.com"]
[Source "ChessBase"]
[SourceQuality "1"]
[TimeControl "900+10"]

1. e4 d5 2. exd5 Qxd5 3. Nc3 Qa5 4. Nf3 Nf6 5. d4 Bg4 6. h3 Bh5 7. g4 Bg6 8. Ne5 Nbd7 9. Nc4 Qa6 10. Bf4 Qe6+ 11. Ne3 c6 12. Bc4 Nd5 13. Ncxd5 cxd5 14. Bxd5 Qb6 15. Bb3 e6 16. Qd2 Be7 17. O-O-O O-O 18. h4 Bd6 19. Nc4 Bxf4 20. Qxf4 Qc6 21. h5 Bxc2 22. Kxc2 b5 23. d5 Qc5 24. Qd4 bxc4 25. Bxc4 exd5 26. Qxc5 Nxc5 27. Bxd5 Rad8 28. Kb1 h6 29. Bf3 Ne6 30. Rxd8 Rxd8 31. Rd1 Rxd1+ 32. Bxd1 Kf8 33. b4 Ke7 34. Kb2 Kd6 35. Kc3 f6 36. Kc4 Ng5 37. f3 Ne6 38. a4 Nf4 39. Bc2 Nd5 40. Be4 Ne3+ 41. Kb5 Kc7 42. Kc5 Nd1 43. b5 Nc3 44. Bc2 Ne2 45. a5 Ng1 46. Be4 Ne2 47. b6+ axb6+ 48. axb6+ Kb8 49. Kd6 1-0

[Event "Kupreichik Memorial Rapid 2019"]
[Site "Minsk"]
[Date "2019.08.15"]
[Round "3.22"]
[White "Zvereva, Margarita"]
[Black "Vashchilov, Sergey"]
[Result "0-1"]
[ECO "D05"]
[WhiteElo "1678"]
[BlackElo "2162"]
[Annotator "NA"]
[PlyCount "90"]
[EventDate "2019.08.15"]
[EventType "swiss"]
[EventCountry "BLR"]
[SourceTitle "playchess.com"]
[Source "ChessBase"]
[SourceQuality "1"]
[TimeControl "900+10"]

1. d4 e6 2. Nf3 d5 3. e3 Nf6 4. Bd3 Nbd7 5. O-O b6 6. b3 Bb7 7. Bb2 Bd6 8. Nbd2 O-O 9. c4 c5 10. Rc1 Qe7 11. Qe2 e5 12. dxe5 Nxe5 13. Nxe5 Bxe5 14. Bxe5 Qxe5 15. Nf3 Qh5 16. Rfd1 Rfe8 17. cxd5 Nxd5 18. Qf1 Nb4 19. Be2 Nxa2 20. Rc4 Nb4 21. Nh4 Qe5 22. Rg4 Bd5 23. Bc4 Rad8 24. Bxd5 Rxd5 25. e4 Rxd1 26. Qxd1 Qd4 27. Qb1 Rd8 28. h3 Qd1+ 29. Qxd1 Rxd1+ 30. Kh2 Kf8 31. Nf5 g6 32. Nh6 Nd3 33. f3 b5 34. Rg5 c4 35. Rxb5 c3 36. Rb8+ Kg7 37. Rc8 Kxh6 38. Rxc3 Kg7 39. Rc7 a5 40. Ra7 Ra1 41. Kg3 Ra3 42. e5 Nxe5 43. Kf4 Nd3+ 44. Ke4 Nc5+ 45. Kd5 Nxb3 0-1

[Event "Kupreichik Memorial Rapid 2019"]
[Site "Minsk"]
[Date "2019.08.15"]
[Round "3.23"]
[White "Kolosovskaya, Olga"]
[Black "Kalinin, Dmitry"]
[Result "1-0"]
[ECO "E06"]
[WhiteElo "1719"]
[BlackElo "2119"]
[Annotator "NA"]
[PlyCount "96"]
[EventDate "2019.08.15"]
[EventType "swiss"]
[EventCountry "BLR"]
[SourceTitle "playchess.com"]
[Source "ChessBase"]
[SourceQuality "1"]
[TimeControl "900+10"]

1. d4 Nf6 2. c4 e6 3. g3 d5 4. Nf3 Be7 5. Bg2 O-O 6. O-O Nc6 7. b3 a6 8. Nc3 Rb8 9. e3 b5 10. cxd5 exd5 11. Bb2 Bd6 12. Rc1 Ne7 13. Nd2 Re8 14. e4 dxe4 15. Ndxe4 Nxe4 16. Nxe4 Bb7 17. Nc5 Bxg2 18. Kxg2 Nd5 19. Qf3 Nb6 20. Nxa6 Ra8 21. Qb7 Qc8 22. Nc5 Rxa2 23. Qxc8 Rxc8 24. Nd3 Nd5 25. Ra1 Rxa1 26. Rxa1 Kf8 27. Ra5 Rb8 28. Kf3 Ke7 29. Ra1 Kd7 30. Ra5 Kc6 31. Ra1 Kb6 32. Rc1 Ra8 33. Nc5 Ra2 34. Nd3 c6 35. Ra1 Rxa1 36. Bxa1 Ka5 37. h4 Kb6 38. Bb2 Nf6 39. Bc1 c5 40. dxc5+ Bxc5 41. Bb2 Be7 42. Ne5 Kc7 43. Nxf7 Kd7 44. Bxf6 Bxf6 45. Ng5 h6 46. Ne4 Bb2 47. Ke3 Ke6 48. Kd3 Kd5 1-0

[Event "Kupreichik Memorial Rapid 2019"]
[Site "Minsk"]
[Date "2019.08.15"]
[Round "3.24"]
[White "Stsepkina, Yauheniya"]
[Black "Zhukovskij, Viktor"]
[Result "0-1"]
[ECO "A50"]
[WhiteElo "1537"]
[BlackElo "2028"]
[Annotator "NA"]
[PlyCount "76"]
[EventDate "2019.08.15"]
[EventType "swiss"]
[EventCountry "BLR"]
[SourceTitle "playchess.com"]
[Source "ChessBase"]
[SourceQuality "1"]
[TimeControl "900+10"]

1. d4 Nf6 2. c4 c6 3. Nf3 d5 4. Qb3 dxc4 5. Qxc4 Bf5 6. Ne5 e6 7. Nc3 Nbd7 8. Nxd7 Qxd7 9. e3 Be7 10. Be2 O-O 11. O-O b5 12. Qb3 a6 13. Qd1 Rfd8 14. Bf3 Rac8 15. e4 Bg6 16. Be3 Bb4 17. Qc2 Nd5 18. Nxd5 cxd5 19. Qb3 Be7 20. exd5 Bc2 21. dxe6 fxe6 22. Qc3 Rxc3 23. bxc3 Rc8 24. Bd2 Ba3 25. Rfe1 Bb2 26. Bg4 Re8 27. Rab1 Bxb1 28. Rxb1 Ba3 29. Re1 Qd5 30. f4 Qxa2 31. Re2 g6 32. Bf3 Kf7 33. Bc6 Re7 34. Kf2 Qc4 35. Bf3 Bb2 36. Re3 b4 37. Be2 Qc6 38. Bf3 Qc7 0-1

[Event "Kupreichik Memorial Rapid 2019"]
[Site "Minsk"]
[Date "2019.08.15"]
[Round "3.25"]
[White "Kashtelyan, Valentin"]
[Black "Sarbay, Aleksandr"]
[Result "0-1"]
[ECO "B31"]
[WhiteElo "1488"]
[BlackElo "2115"]
[Annotator "NA"]
[PlyCount "50"]
[EventDate "2019.08.15"]
[EventType "swiss"]
[EventCountry "BLR"]
[SourceTitle "playchess.com"]
[Source "ChessBase"]
[SourceQuality "1"]
[TimeControl "900+10"]

1. e4 c5 2. Nf3 Nc6 3. Bb5 g6 4. Bxc6 dxc6 5. c3 Nf6 6. d3 Bg7 7. O-O O-O 8. Qe2 Bg4 9. h3 Bxf3 10. Qxf3 Nd7 11. Qe2 e5 12. Na3 Qe7 13. Nc2 Rad8 14. Be3 Rfe8 15. Rad1 Nf8 16. f4 exf4 17. Bxf4 f5 18. Qe3 c4 19. Bg5 Bf6 20. Bxf6 Qxf6 21. d4 Qf7 22. e5 Ne6 23. Qe2 Ng5 24. Ne3 b5 25. Qf3 Nxf3+ 0-1

[Event "Kupreichik Memorial Rapid 2019"]
[Site "Minsk"]
[Date "2019.08.15"]
[Round "3.26"]
[White "Nikolaev, Dmitry"]
[Black "Romanovskij, Nikita"]
[Result "0-1"]
[ECO "A05"]
[WhiteElo "1677"]
[BlackElo "1869"]
[Annotator "NA"]
[PlyCount "58"]
[EventDate "2019.08.15"]
[EventType "swiss"]
[EventCountry "BLR"]
[SourceTitle "playchess.com"]
[Source "ChessBase"]
[SourceQuality "1"]
[TimeControl "900+10"]

1. Nf3 Nf6 2. g3 b6 3. Bg2 Bb7 4. O-O e6 5. c4 Be7 6. d3 O-O 7. Nc3 d5 8. cxd5 Nxd5 9. Ne4 Nd7 10. a3 N7f6 11. Nxf6+ Nxf6 12. b4 c5 13. bxc5 Bxc5 14. Bg5 h6 15. Bf4 Qe7 16. a4 Rfd8 17. Ne5 Nd5 18. Qb3 Nxf4 19. gxf4 Bxg2 20. Kxg2 Bd4 21. Qa3 Qb7+ 22. f3 Bxa1 23. Qxa1 Rac8 24. Rg1 Qd5 25. Kh3 Qd4 26. Qf1 Qxf4 27. Nc4 Rc5 28. Rg4 Rh5+ 29. Kg2 Qxh2# 0-1

[Event "Kupreichik Memorial Rapid 2019"]
[Site "Minsk"]
[Date "2019.08.15"]
[Round "3.27"]
[White "Naumovich, Yaroslav"]
[Black "Karlov, Egor"]
[Result "1-0"]
[ECO "D45"]
[WhiteElo "1868"]
[BlackElo "1728"]
[Annotator "NA"]
[PlyCount "45"]
[EventDate "2019.08.15"]
[EventType "swiss"]
[EventCountry "BLR"]
[SourceTitle "playchess.com"]
[Source "ChessBase"]
[SourceQuality "1"]
[TimeControl "900+10"]

1. Nf3 d5 2. d4 c6 3. c4 Nf6 4. Nc3 e6 5. e3 Bd6 6. Bd3 O-O 7. O-O Nbd7 8. e4 dxe4 9. Nxe4 Nxe4 10. Bxe4 Nf6 11. Bc2 c5 12. Qd3 cxd4 13. Bg5 g6 14. Qxd4 Be7 15. Qh4 Re8 16. Rad1 Nd7 17. Ba4 Bxg5 18. Nxg5 h5 19. Qf4 Qe7 20. Ne4 e5 21. Qh6 Rf8 22. Bxd7 Bxd7 23. Rxd7 1-0

[Event "Kupreichik Memorial Rapid 2019"]
[Site "Minsk"]
[Date "2019.08.15"]
[Round "3.28"]
[White "Yasiukovich, Sergei"]
[Black "Svjatocho, Andrej"]
[Result "0-1"]
[ECO "B02"]
[WhiteElo "1529"]
[BlackElo "1995"]
[Annotator "NA"]
[PlyCount "58"]
[EventDate "2019.08.15"]
[EventType "swiss"]
[EventCountry "BLR"]
[SourceTitle "playchess.com"]
[Source "ChessBase"]
[SourceQuality "1"]
[TimeControl "900+10"]

1. e4 Nf6 2. Nc3 d5 3. e5 d4 4. exf6 dxc3 5. bxc3 gxf6 6. d4 e6 7. Nf3 Bg7 8. Bd3 c5 9. O-O Nd7 10. Re1 O-O 11. Bf4 Re8 12. Qd2 Nf8 13. Rab1 Ng6 14. Be3 Qc7 15. Bb5 Bd7 16. dxc5 Rad8 17. Qd6 Qc8 18. Qg3 Bc6 19. Bxc6 bxc6 20. h4 h5 21. Rb2 e5 22. Reb1 f5 23. Qg5 f4 24. Bd2 e4 25. Nd4 Rd5 26. Bxf4 Rxg5 27. Bxg5 Be5 28. Rb7 f6 29. Bh6 Re7 0-1

[Event "Kupreichik Memorial Rapid 2019"]
[Site "Minsk"]
[Date "2019.08.15"]
[Round "3.29"]
[White "Kiryliuk, Ilya"]
[Black "Melekhov, Artyom"]
[Result "1-0"]
[ECO "C03"]
[WhiteElo "1948"]
[BlackElo "1471"]
[Annotator "NA"]
[PlyCount "81"]
[EventDate "2019.08.15"]
[EventType "swiss"]
[EventCountry "BLR"]
[SourceTitle "playchess.com"]
[Source "ChessBase"]
[SourceQuality "1"]
[TimeControl "900+10"]

1. e4 e6 2. d4 d5 3. Nd2 dxe4 4. Nxe4 Nf6 5. Nxf6+ Qxf6 6. Nf3 h6 7. Bd3 Bd7 8. Ne5 Bd6 9. Qe2 Bxe5 10. dxe5 Qe7 11. Qg4 g6 12. O-O Nc6 13. Re1 Nb4 14. Be4 Bc6 15. a3 Bxe4 16. Qxe4 Nc6 17. b4 a6 18. c4 h5 19. h4 O-O 20. Bg5 Qd7 21. Rad1 Qc8 22. b5 axb5 23. cxb5 Nb8 24. g4 hxg4 25. Qxg4 Nd7 26. h5 Re8 27. hxg6 fxg6 28. Bf6 Kf7 29. Rxd7+ Qxd7 30. Qh4 Rf8 31. Qh7+ Ke8 32. Qxg6+ Qf7 33. Qe4 Rg8+ 34. Kf1 Qd7 35. Qe2 c6 36. Rd1 Qh7 37. Qf3 cxb5 38. Rd6 Qb1+ 39. Rd1 Qf5 40. Qb3 Qe4 41. Qxe6+ {[%emt 0:00:03] Qg6} 1-0

[Event "Kupreichik Memorial Rapid 2019"]
[Site "Minsk"]
[Date "2019.08.15"]
[Round "3.30"]
[White "Oblamski, Vladimir"]
[Black "Karmishyn, Vadzim"]
[Result "1-0"]
[ECO "B22"]
[WhiteElo "2088"]
[BlackElo "1494"]
[Annotator "NA"]
[PlyCount "67"]
[EventDate "2019.08.15"]
[EventType "swiss"]
[EventCountry "BLR"]
[SourceTitle "playchess.com"]
[Source "ChessBase"]
[SourceQuality "1"]
[TimeControl "900+10"]

1. e4 c5 2. c3 Nf6 3. e5 Nd5 4. d4 cxd4 5. cxd4 Nc6 6. Nc3 Qa5 7. Nf3 Nxc3 8. bxc3 Qxc3+ 9. Bd2 Qb2 10. Rb1 Qxa2 11. Bd3 Qd5 12. Rb5 Qa2 13. O-O a6 14. Rb3 Qa4 15. Bc3 e6 16. Qc2 Na5 17. Bxa5 Qxa5 18. Be4 Rb8 19. Rc3 Qd8 20. Rc1 d5 21. exd6 Bd7 22. Ne5 Bxd6 23. Bxh7 g6 24. Nxf7 Bxh2+ 25. Kf1 Qf6 26. Bxg6 Ke7 27. Rf3 Rhc8 28. Qb2 Rxc1+ 29. Qxc1 Qxd4 30. Qg5+ Kf8 31. Ne5+ Kg7 32. Qf6+ Kg8 33. Qf7+ Kh8 34. Qh7# 1-0

[Event "Kupreichik Memorial Rapid 2019"]
[Site "Minsk"]
[Date "2019.08.15"]
[Round "3.31"]
[White "Shaban, Alena"]
[Black "Tarasionak, Arseni"]
[Result "1/2-1/2"]
[ECO "A05"]
[WhiteElo "2030"]
[BlackElo "1209"]
[Annotator "NA"]
[PlyCount "84"]
[EventDate "2019.08.15"]
[EventType "swiss"]
[EventCountry "BLR"]
[SourceTitle "playchess.com"]
[Source "ChessBase"]
[SourceQuality "1"]
[TimeControl "900+10"]

1. Nf3 Nf6 2. g3 g6 3. Bg2 Bg7 4. O-O O-O 5. d3 d5 6. Nbd2 c5 7. e4 dxe4 8. dxe4 Nc6 9. c3 Qc7 10. Qe2 Rd8 11. Re1 Ng4 12. Nf1 Nge5 13. Bf4 Nxf3+ 14. Qxf3 e5 15. Bg5 f6 16. Be3 b6 17. Rad1 Ba6 18. Bc1 Na5 19. Ne3 Nc4 20. Nd5 Qf7 21. Bf1 b5 22. b3 Nb6 23. Be3 c4 24. bxc4 Nxc4 25. Bc5 Bb7 26. a4 Bxd5 27. Rxd5 Rxd5 28. exd5 Nd2 29. Qd3 Nxf1 30. Kxf1 bxa4 31. c4 Rc8 32. Ba3 Bf8 33. Bxf8 Kxf8 34. Ra1 Qd7 35. Qa3+ Ke8 36. Qxa4 Qxa4 37. Rxa4 Rc7 38. d6 Rc6 39. Rxa7 Rxd6 40. Rxh7 Rc6 41. Rg7 f5 42. Ke2 Kf8 1/2-1/2

[Event "Kupreichik Memorial Rapid 2019"]
[Site "Minsk"]
[Date "2019.08.15"]
[Round "3.34"]
[White "Ostrovskiy, Viktor"]
[Black "Stanishevskij, Aleksandr"]
[Result "0-1"]
[ECO "B22"]
[WhiteElo "1453"]
[BlackElo "1830"]
[Annotator "NA"]
[PlyCount "70"]
[EventDate "2019.08.15"]
[EventType "swiss"]
[EventCountry "BLR"]
[SourceTitle "playchess.com"]
[Source "ChessBase"]
[SourceQuality "1"]
[TimeControl "900+10"]

1. e4 c5 2. c3 Nf6 3. e5 Nd5 4. d4 cxd4 5. cxd4 d6 6. Bb5+ Bd7 7. Bxd7+ Qxd7 8. Nf3 Nc6 9. O-O e6 10. Nbd2 Be7 11. Ne4 O-O 12. Bg5 f6 13. exf6 gxf6 14. Bh6 Rf7 15. Ng3 Kh8 16. Re1 Rg8 17. Qe2 Rg6 18. Bd2 f5 19. Nf1 Rfg7 20. g3 Nd8 21. Ne3 Nxe3 22. Qxe3 Nf7 23. Bc3 d5 24. Rad1 h5 25. Ne5 Nxe5 26. Qxe5 Bd6 27. Qe2 Rh7 28. Rd3 h4 29. Re3 hxg3 30. fxg3 Rhh6 31. a3 f4 32. Re5 fxg3 33. hxg3 Rxg3+ 34. Kf2 Qg7 35. Qf1 Rh2+ 0-1

[Event "Kupreichik Memorial Rapid 2019"]
[Site "Minsk"]
[Date "2019.08.15"]
[Round "3.36"]
[White "Kochetkov, Vitali"]
[Black "Patokova, Viktoriya"]
[Result "1-0"]
[ECO "A08"]
[WhiteElo "2266"]
[BlackElo "1503"]
[Annotator "NA"]
[PlyCount "63"]
[EventDate "2019.08.15"]
[EventType "swiss"]
[EventCountry "BLR"]
[SourceTitle "playchess.com"]
[Source "ChessBase"]
[SourceQuality "1"]
[TimeControl "900+10"]

1. Nf3 d5 2. g3 c5 3. Bg2 Nc6 4. O-O Nf6 5. d4 cxd4 6. Nxd4 e6 7. c4 Qb6 8. Nxc6 bxc6 9. Nc3 Ba6 10. cxd5 exd5 11. Qa4 Rd8 12. Rd1 Bc5 13. Qf4 O-O 14. Na4 Qb4 15. Nxc5 Qxc5 16. Be3 Qe7 17. Rac1 Qb7 18. Bc5 Rfe8 19. e3 h6 20. h4 Rb8 21. Bd4 Ne4 22. Qg4 f6 23. f3 c5 24. fxe4 cxd4 25. Rxd4 Qxb2 26. Rc7 g5 27. Qd7 Qxg2+ 28. Kxg2 Rb2+ 29. Kh3 Bf1+ 30. Kg4 Be2+ 31. Kf5 Re5+ 32. Kg6 1-0

[Event "Kupreichik Memorial Rapid 2019"]
[Site "Minsk"]
[Date "2019.08.15"]
[Round "3.37"]
[White "Uzlavataya, Anhelina"]
[Black "Ustiugov, Boris"]
[Result "0-1"]
[ECO "D78"]
[WhiteElo "2051"]
[BlackElo "1567"]
[Annotator "NA"]
[PlyCount "80"]
[EventDate "2019.08.15"]
[EventType "swiss"]
[EventCountry "BLR"]
[SourceTitle "playchess.com"]
[Source "ChessBase"]
[SourceQuality "1"]
[TimeControl "900+10"]

1. Nf3 Nf6 2. g3 g6 3. Bg2 Bg7 4. O-O O-O 5. d4 d5 6. c4 c6 7. Nbd2 e6 8. b3 Nbd7 9. Bb2 b6 10. Qc2 Bb7 11. Rad1 Rc8 12. e4 dxe4 13. Nxe4 Nxe4 14. Qxe4 Qc7 15. Qe2 Rcd8 16. Ne5 Nxe5 17. dxe5 Rxd1 18. Rxd1 Rd8 19. f4 Bf8 20. Rd3 Bc5+ 21. Kf1 h5 22. Qd1 Rxd3 23. Qxd3 Kf8 24. Ke2 Ke7 25. Bc1 Qd7 26. Bd2 a5 27. Be3 Bxe3 28. Kxe3 Qc7 29. Be4 Ke8 30. a3 Qe7 31. Qd4 c5 32. Qd6 Qxd6 33. exd6 Bxe4 34. Kxe4 f6 35. Kf3 Kd7 36. Ke4 Kxd6 37. Ke3 f5 38. Kd3 e5 39. Ke3 h4 40. fxe5+ Kxe5 {Kd4+} 0-1

[Event "Kupreichik Memorial Rapid 2019"]
[Site "Minsk"]
[Date "2019.08.15"]
[Round "3.38"]
[White "Talma, Sergei"]
[Black "Makarau, Yauheni"]
[Result "1-0"]
[ECO "C10"]
[WhiteElo "1882"]
[BlackElo "1459"]
[Annotator "NA"]
[PlyCount "96"]
[EventDate "2019.08.15"]
[EventType "swiss"]
[EventCountry "BLR"]
[SourceTitle "playchess.com"]
[Source "ChessBase"]
[SourceQuality "1"]
[TimeControl "900+10"]

1. d4 d5 2. Nc3 e6 3. e4 dxe4 4. Nxe4 Nf6 5. Bg5 Be7 6. Bxf6 Bxf6 7. Nf3 O-O 8. Bd3 Nc6 9. c3 b6 10. Nxf6+ Qxf6 11. Be4 Bd7 12. Ne5 Nxe5 13. Bxa8 Rxa8 14. dxe5 Qxe5+ 15. Qe2 Qd5 16. f3 Bb5 17. Qd2 Qxd2+ 18. Kxd2 Rd8+ 19. Kc2 Kf8 20. Rad1 Rxd1 21. Rxd1 Ke7 22. Rd4 Bf1 23. g3 Bg2 24. f4 Bd5 25. b3 c5 26. Rd2 Be4+ 27. Kb2 Bc6 28. c4 h6 29. h4 Bd7 30. Kc3 Bc6 31. a3 Bd7 32. b4 cxb4+ 33. axb4 a5 34. bxa5 bxa5 35. Kd4 Kd6 36. c5+ Kc7 37. Rb2 Bc6 38. Rb6 f6 39. Ra6 a4 40. Ra7+ Kb8 41. Rxg7 e5+ 42. fxe5 fxe5+ 43. Kc3 e4 44. g4 Kc8 45. g5 hxg5 46. Rxg5 e3 47. Re5 a3 48. Kb3 Bd5+ 1-0

[Event "Kupreichik Memorial Rapid 2019"]
[Site "Minsk"]
[Date "2019.08.15"]
[Round "3.39"]
[White "Lashkevich, Andrei"]
[Black "Laptev, Viktor"]
[Result "1/2-1/2"]
[ECO "B30"]
[WhiteElo "1447"]
[BlackElo "1424"]
[Annotator "NA"]
[PlyCount "176"]
[EventDate "2019.08.15"]
[EventType "swiss"]
[EventCountry "BLR"]
[SourceTitle "playchess.com"]
[Source "ChessBase"]
[SourceQuality "1"]
[TimeControl "900+10"]

1. e4 c5 2. Nf3 Nc6 3. d3 d6 4. g3 g6 5. Bg2 Bg7 6. c3 Nf6 7. O-O O-O 8. Re1 Bg4 9. h3 Bd7 10. Nbd2 Qc8 11. Kh2 a6 12. Qc2 Rb8 13. Nf1 b5 14. Nh4 e5 15. f4 exf4 16. Bxf4 Ne5 17. Bxe5 dxe5 18. Nf3 Re8 19. Ne3 Bc6 20. Rad1 a5 21. Qf2 b4 22. c4 Ba4 23. Rd2 Qc7 24. Rc1 Rbd8 25. b3 Bc6 26. Nd5 Bxd5 27. cxd5 Nd7 28. Rdc2 Qd6 29. Rf1 Rf8 30. h4 f5 31. Bh3 Nf6 32. Qe2 Ng4+ 33. Bxg4 fxg4 34. Ng5 Rxf1 35. Qxf1 Rf8 36. Qg1 Rc8 37. Ne6 Bf8 38. Qf2 Qe7 39. Qe3 h6 40. Kg2 Kh7 41. Rf2 Bg7 42. Qe2 h5 43. Qf1 Kg8 44. Qc1 Kh7 45. Ng5+ Kg8 46. Rf7 Qd6 47. Qf1 Rf8 48. Rxf8+ Qxf8 49. Qxf8+ Bxf8 50. Kf2 Bd6 51. Ke2 Kf8 52. Kd2 Ke7 53. Kc2 Kf6 54. Kb2 Bb8 55. Kc2 Bd6 56. Kd2 Bb8 57. Ke3 Bd6 58. Nh7+ Kg7 59. Ng5 Kf6 60. Ne6 Ke7 61. Kd2 Bb8 62. Nxc5 Ba7 63. Nb7 Bf2 64. Nxa5 Bxg3 65. Nc6+ Kd6 66. Nxb4 Bxh4 67. Ke2 Bg5 68. Nc2 h4 69. Kf2 Bf4 70. Ne3 g3+ 71. Kf3 h3 72. Ng4 h2 73. Kg2 Kc5 74. Nf6 g5 75. Ne8 g4 76. Nf6 Kd4 77. Nxg4 Kxd3 78. Nf6 Bg5 79. Nh7 Bd8 80. d6 Kxe4 81. d7 Kd5 82. Nf8 e4 83. Ng6 Bg5 84. a4 e3 85. a5 e2 86. d8=Q+ Bxd8 87. Nf4+ Ke4 88. Nxe2 Bxa5 1/2-1/2

[Event "Kupreichik Memorial Rapid 2019"]
[Site "Minsk"]
[Date "2019.08.15"]
[Round "3.40"]
[White "Novik, Nikita"]
[Black "Arlou, Valery"]
[Result "0-1"]
[ECO "B08"]
[WhiteElo "1355"]
[BlackElo "1759"]
[Annotator "NA"]
[PlyCount "98"]
[EventDate "2019.08.15"]
[EventType "swiss"]
[EventCountry "BLR"]
[SourceTitle "playchess.com"]
[Source "ChessBase"]
[SourceQuality "1"]
[TimeControl "900+10"]

1. e4 g6 2. d4 Bg7 3. Nf3 d6 4. Be2 Nf6 5. Nc3 a6 6. a4 O-O 7. O-O Bg4 8. h3 Bxf3 9. Bxf3 Nc6 10. Be3 Nd7 11. d5 Nce5 12. Bf4 Nc4 13. Rb1 Nxb2 14. Rxb2 Bxc3 15. Rb3 Bg7 16. Be3 b6 17. h4 Ne5 18. h5 Qd7 19. h6 Bf6 20. Be2 Qxa4 21. f4 Nd7 22. Qd2 Nb8 23. Rb4 Qe8 24. Bd4 Nd7 25. Bg4 Rd8 26. Bxd7 Rxd7 27. e5 dxe5 28. fxe5 Bh8 29. c4 e6 30. d6 c5 31. Rxb6 cxd4 32. Qxd4 Qd8 33. c5 Qg5 34. Re1 Rfd8 35. c6 Rxd6 36. Qxd6 Rxd6 37. exd6 Bd4+ 38. Kf1 Bxb6 39. c7 Qb5+ 40. Re2 Qc5 41. Rd2 Bxc7 42. dxc7 Qxc7 43. Kf2 Qf4+ 44. Kg1 Qxh6 45. Ra2 Qe3+ 46. Kh2 Qe5+ 47. Kg1 a5 48. Kf2 Qd4+ 49. Kf3 Qd5+ 0-1

[Event "Kupreichik Memorial Rapid 2019"]
[Site "Minsk"]
[Date "2019.08.16"]
[Round "4.13"]
[White "Mikhailovsky, Vladimir"]
[Black "Naumovich, Yaroslav"]
[Result "1/2-1/2"]
[ECO "A06"]
[WhiteElo "2209"]
[BlackElo "1868"]
[Annotator "NA"]
[PlyCount "54"]
[EventDate "2019.08.15"]
[EventType "swiss"]
[EventCountry "BLR"]
[SourceTitle "playchess.com"]
[Source "ChessBase"]
[SourceQuality "1"]
[TimeControl "900+10"]

1. Nf3 d5 2. b3 Nf6 3. Bb2 Bg4 4. Ne5 Bh5 5. c4 e6 6. g3 c6 7. Bg2 Nbd7 8. Nxd7 Qxd7 9. cxd5 exd5 10. O-O Be7 11. d3 O-O 12. Qc2 Rad8 13. e4 dxe4 14. dxe4 Qd3 15. Na3 Qxc2 16. Nxc2 Rd2 17. Rac1 Be2 18. Bc3 Bxf1 19. Bxd2 Bxg2 20. Kxg2 Nxe4 21. Re1 f5 22. f3 Nxd2 23. Rxe7 Rf7 24. Re8+ Rf8 25. Re7 Rf7 26. Re8+ Rf8 27. Re7 Rf7 1/2-1/2

[Event "Kupreichik Memorial Rapid 2019"]
[Site "Minsk"]
[Date "2019.08.16"]
[Round "4.16"]
[White "Agapov, Sergey"]
[Black "Kiryliuk, Ilya"]
[Result "1/2-1/2"]
[ECO "D37"]
[WhiteElo "2265"]
[BlackElo "1948"]
[Annotator "NA"]
[PlyCount "69"]
[EventDate "2019.08.15"]
[EventType "swiss"]
[EventCountry "BLR"]
[SourceTitle "playchess.com"]
[Source "ChessBase"]
[SourceQuality "1"]
[TimeControl "900+10"]

1. d4 Nf6 2. c4 e6 3. Nc3 d5 4. Nf3 Be7 5. Qc2 O-O 6. Bg5 c6 7. e3 Nbd7 8. Rd1 h6 9. cxd5 hxg5 10. dxe6 fxe6 11. Nxg5 Nb6 12. Bd3 Nfd5 13. Bh7+ Kh8 14. Bg8 Nf6 15. Bxe6 Qd6 16. Nf7+ Rxf7 17. Bxf7 Be6 18. Bxe6 Qxe6 19. O-O Rf8 20. e4 Qg4 21. f3 Qg5 22. f4 Qg6 23. Rd3 Kg8 24. Rg3 Qf7 25. f5 Qc4 26. Rd1 Rd8 27. b3 Qb4 28. e5 Nfd5 29. f6 Bf8 30. Ne4 Nd7 31. f7+ Kxf7 32. Ng5+ Ke7 33. Qg6 Rb8 34. Qf7+ Kd8 35. Ne6+ 1/2-1/2

[Event "Kupreichik Memorial Rapid 2019"]
[Site "Minsk"]
[Date "2019.08.16"]
[Round "4.18"]
[White "Kochetkov, German"]
[Black "Oblamski, Vladimir"]
[Result "1-0"]
[ECO "A03"]
[WhiteElo "2277"]
[BlackElo "2088"]
[Annotator "NA"]
[PlyCount "109"]
[EventDate "2019.08.15"]
[EventType "swiss"]
[EventCountry "BLR"]
[SourceTitle "playchess.com"]
[Source "ChessBase"]
[SourceQuality "1"]
[TimeControl "900+10"]

1. f4 d5 2. Nf3 Nf6 3. g3 g6 4. Bg2 Bg7 5. O-O O-O 6. d3 c5 7. Nc3 Nc6 8. e4 dxe4 9. dxe4 Qxd1 10. Rxd1 e5 11. Be3 b6 12. Nd5 Nxd5 13. exd5 Nb4 14. Bf2 Nxc2 15. Rac1 Nd4 16. Bxd4 exd4 17. b4 Bg4 18. bxc5 bxc5 19. Rxc5 Rac8 20. Rc6 Rcd8 21. Rd2 Bxf3 22. Bxf3 Rd7 23. Kf2 Re8 24. Rdc2 f5 25. Re2 Rxe2+ 26. Bxe2 Kf8 27. d6 Bf6 28. Bc4 Rd8 29. Ke2 d3+ 30. Kd2 Bb2 31. Be6 Ba3 32. d7 Ke7 33. Kxd3 Bd6 34. Rc8 a5 35. a4 Bb4 36. Kc4 Ba3 37. Kd5 Bb4 38. Kc6 Ba3 39. Rxd8 Kxd8 40. Bg8 h6 41. Bh7 g5 42. fxg5 hxg5 43. Bxf5 Bb4 44. h4 gxh4 45. gxh4 Bd2 46. h5 Bf4 47. Bg4 Bd2 48. Kd6 Bc1 49. Ke6 Bd2 50. Be2 Be3 51. Bb5 Bd2 52. Kf7 Be3 53. Kg7 Ke7 54. h6 Bd4+ 55. Kg8 1-0